Map: 乌雷纳

Players

shengy

  • Race: Zerg Zerg
  • League: Platinum

Alchemist - Winner!

  • Race: Zerg Zerg
  • League: Diamond

VOD

Have the link to the VOD?

Description

Time

  • Played on: Jan. 1, 2016, 3:25 p.m.
  • Length: 4:09
Show
View Real Time Build Order
Export as new Build Order

shengy Zerg 

Build Orders: Pool First 

Get SALT Encoding   

  12  0:01  Drone  
  13  0:09  Drone  
  14  0:17  Overlord  
  14  0:35  Drone x3  
  17  0:46  Spawning Pool  
  17  0:48  Drone  
  17  1:11  Hatchery  
  17  1:18  Drone  
  17  1:19  Drone  
  17  1:21  Drone  
  17  1:23  Extractor  
  18  1:31  Overlord  
  18  1:38  Queen  
  20  1:41  Drone  
  21  1:52  Zergling x2  
  22  2:03  Drone  
  23  2:15  Queen  
  23  2:22  Overlord  
  25  2:24  Metabolic Boost  
  25  2:35  Zergling x2  
  25  2:36  Zergling x6  
  28  2:48  Baneling Nest  
  27  2:52  Zergling x10  
  32  3:03  Drone  
  33  3:14  Zergling x4  
  33  3:16  Zergling x2  
  33  3:18  Overlord  
  36  3:28  Zergling x8  
  40  3:37  Baneling x4  
Show
View Real Time Build Order
Export as new Build Order

Alchemist Zerg - Winner!

Build Orders: Pool First 

Get SALT Encoding   

  12  0:01  Drone  
  13  0:12  Overlord  
  13  0:18  Drone  
  14  0:30  Drone x2  
  14  0:35  Drone  
  17  0:44  Extractor  
  17  0:49  Spawning Pool  
  15  0:51  Drone  
  16  1:04  Drone  
  16  1:08  Drone  
  18  1:26  Hatchery  
  17  1:37  Queen  
  17  1:39  Zergling x2  
  20  1:41  Zergling x2  
  21  1:53  Overlord  
  21  2:00  Metabolic Boost  
  21  2:04  Zergling x2  
  22  2:16  Baneling Nest  
  22  2:18  Zergling x2  
  22  2:25  Drone x2  
  24  2:47  Queen  
  24  2:49  Queen  
  28  2:51  Drone  
  28  2:52  Drone  
  30  3:03  Baneling x2  
  30  3:06  Drone x4  
  34  3:46  Baneling x2  
  34  3:47  Baneling  
  32  3:55  Spine Crawler  
  31  3:57  Spine Crawler  
Tags
 
Add a new tag
Caveats
  • Supply blocks, unpowered buildings, or Contaminate may cause inaccurate times.
  • Supply counts are checked every 10 seconds.